 Dungeon Crawl Stone Soup version 0.20-a0-1122-gb7cbeb9 (webtiles) character file.

67 wolfsongas the Sneak (level 4, -1/30 HPs)
             Began as an Octopode Assassin on May 15, 2017.
             Was an Initiate of Yredelemnul.
             Hit by a stone thrown by an orc (2 damage)
             ... on level 3 of the Dungeon.
             The game lasted 00:06:04 (1535 turns).

wolfsongas the Sneak (Octopode Assassin)            Turns: 1535, Time: 00:06:05

Health: -1/30      AC:  2    Str: 10    XL:     4   Next: 16%
Magic:  4/4        EV: 13    Int: 13    God:    Yredelemnul [......]
Gold:   39         SH:  0    Dex: 14    Spells: 3/3 levels left

rFire    . . .     SeeInvis .   a - +3 dagger
rCold    . . .     Gourm    .   (no shield)
rNeg     . . .     Faith    .   l - +1 hat
rPois    .         Spirit   .   (no amulet)
rElec    .         Reflect  .   (no ring)
rCorr    .         Harm     .   (no ring)
MR       .....                  (no ring)
Stlth    ++++......             (no ring)
Regen    0.1/turn               (no ring)
MPRegen  0.1/turn               (no ring)
                                (no ring)
                                (no ring)

@: no status effects
A: almost no armour, stealthy swim, amphibious, 8 rings, constrict 8, camouflage
1, gelatinous body 1
a: Renounce Religion


You were on level 3 of the Dungeon.
You worshipped Yredelemnul.
Yredelemnul was noncommittal.
You were not hungry.

You visited 1 branch of the dungeon, and saw 3 of its levels.

You collected 39 gold pieces.

Inventory:

Hand Weapons
 a - a +3 dagger (weapon)
 b - a +0 blowgun
Missiles
 c - 8 poisoned needles
 d - 2 curare-tipped needles
 e - 2 javelins (quivered)
Armour
 l - a +1 hat (worn)
Scrolls
 k - a scroll of fear
Potions
 h - a potion of curing
Comestibles
 f - 2 bread rations
 g - 10 fruits
 j - a chunk of flesh
 m - a royal jelly


   Skills:
 + Level 2.6 Fighting
 * Level 3.6 Short Blades
 - Level 2.0 Throwing
 - Level 1.0 Dodging
 + Level 5.7 Stealth


You had 3 spell levels left.
You didn't know any spells.

Dungeon Overview and Level Annotations

Branches:
Dungeon (3/15)

Altars:
Fedhas
Yredelemnul

Annotations:
D:2 Robin


Innate Abilities, Weirdness & Mutations

You cannot wear most types of armour.
You are very stealthy in the water. (Stealth+)
You are amphibious.
You can wear up to eight rings at the same time.
You can use your tentacles to constrict eight enemies at once.
Your skin changes colour to match your surroundings (Stealth+).
Your rubbery body absorbs attacks. (AC +1, EV +1)


Message History

The orc rages.
Some of the chunks of flesh in your inventory have rotted away.
The bat closely misses you. The orc hits you with a flail.
The bat hits you but does no damage.
The orc rages.
The bat barely misses you. The bat closely misses you.
The orc is no longer berserk.
The bat hits you but does no damage. The orc hits you with a flail!
* * * LOW HITPOINT WARNING * * *
The bat completely misses you. The bat barely misses you. The bat misses you.
The bat closely misses you. The bat hits you.
* * * LOW HITPOINT WARNING * * *
The bat misses you. The bat closely misses you. The bat closely misses you.
The orc throws a stone.
The stone hits you.
You die...
Your body rises from the dead as a mindless zombie.

#............# #...
##............# #...
#.......###...# #...
#.....###.....# #...
#.....###.....####...
##...........##.......
#.............#.......
#...<.........#.......
#....@........'.......
#.....b###....#.......
######........#####...
#####o####......##...
#.....#..+..รท...##...
#.......##.........(.
#...................(
#..................((
#...............##...


You could see an orc and a bat.

Vanquished Creatures
  2 adders (D:3)
  2 worms (D:2)
  3 dart slugs
  A leopard gecko (D:2)
  2 orcs (D:3)
  4 bats
  2 giant cockroaches
  2 goblins
  3 hobgoblins
  2 frilled lizards
  8 kobolds
  4 rats
  A spectral orc (D:2)
36 creatures vanquished.

Notes
Turn   | Place    | Note
-------+----------+-------------------------------------------
     0 | D:1      | wolfsongas the Octopode Assassin began the quest for the Orb.
     0 | D:1      | Reached XP level 1. HP: 14/14 MP: 1/1
   159 | D:1      | Reached XP level 2. HP: 19/19 MP: 2/2
   632 | D:2      | Found a blossoming altar of Fedhas.
   680 | D:2      | Reached XP level 3. HP: 18/25 MP: 3/3
  1109 | D:2      | Found a basalt altar of Yredelemnul.
  1123 | D:2      | Became a worshipper of Yredelemnul the Dark
  1164 | D:2      | Noticed Robin
  1251 | D:3      | Noticed a killer bee
  1251 | D:3      | Noticed a killer bee
  1251 | D:3      | Noticed a killer bee
  1438 | D:3      | Reached XP level 4. HP: 30/30 MP: 4/4
  1528 | D:3      | HP: 1/30 [orc/flail (9)]
  1535 | D:3      | Hit by a stone thrown by an orc

Vault maps used:
D:1:      roderic_chinese_lattice_arrival
D:2:      yredelemnul_forgotten_temple_becter, fedhas_altar_fruit_tree,
          dk_noncrumbling_4, uniq_robin
D:3:      first_bread, uniq_crazy_yiuf_cottage, uniq_jessica

Skill      XL: |  1  2  3 |
---------------+----------+-----
Short Blades   | 3 |  3.6
Fighting       | |  2.6
Throwing       | |  2.0
Dodging        | |  1.0
Stealth        | |  5.7

Action                   |  1- 3 |  4- 6 || total
-------------------------+-------+-------++-------
Melee: Dagger            |    54 |     9 ||    63
       Tentacles         |     8 |     3 ||    11
       Constrict         |     7 |     2 ||     9
  Use: Scroll            |     5 |     2 ||     7
       Potion            |     5 |       ||     5
 Stab: Sleeping          |    15 |     1 ||    16
  Eat: Chunk             |     2 |       ||     2
Armor: Skin              |       |     7 ||     7
Dodge: Dodged            |    29 |    22 ||    51
